 Dungeon Crawl Stone Soup version 0.15.0-14-g6bbbb5c (webtiles) character file.

393 Patate the Hoplite (level 6, -1/51 HPs)
             Began as a Minotaur Fighter on Sept 4, 2014.
             Slain by Crazy Yiuf
             ... wielding a +4 quarterstaff of chaos
              (2 damage)
             ... on Level 4 of the Dungeon on Sept 5, 2014.
             The game lasted 00:12:29 (2796 turns).

Patate the Hoplite (Minotaur Fighter)               Turns: 2796, Time: 00:12:30

HP  -1/51        AC  8     Str 22 (23) XL: 6   Next: 51%
MP   3/3         EV  7     Int  5      God:
Gold 113         SH 11     Dex  9      Spells:  0 memorised,  5 levels left

rFire  . . .     SeeInvis .     e - +2 war axe (pain)
rCold  . . .     Clarity  .     b - +0 scale mail
rNeg   . . .     rCorr    .     c - +0 shield
rPois  .         rRot     .     (helmet restricted)
rElec  .         Spirit   .     (no cloak)
SustAb .         Warding  .     (no gloves)
rMut   .         Stasis   .     n - +0 pair of boots
Gourm  .                        (no amulet)
MR     .....                    (no ring)
                                (no ring)

@: very slightly contaminated, drained, invisible, not resistant to hostile
enchantments, extremely unstealthy
A: retaliatory headbutt, horns 2
a: no special abilities


You were on level 4 of the Dungeon.
You were hungry.

You visited 1 branch of the dungeon, and saw 4 of its levels.

You collected 183 gold pieces.
You spent 70 gold pieces at shops.

Inventory:

Hand weapons
 a - a +0 war axe
 e - a +2 war axe of pain (weapon)
Armour
 b - a +0 scale mail (worn)
 c - a +0 shield (worn)
 n - a +0 pair of boots (worn)
Magical devices
 w - a wand of hasting (4) {unknown}
Comestibles
 d - 4 bread rations
 h - 3 fruits
 m - a meat ration
 q - a beef jerky
 B - a slice of pizza
Scrolls
 f - 3 scrolls of remove curse {unknown}
 j - 5 scrolls of identify {unknown}
 k - a scroll of enchant armour {unknown}
 l - 2 scrolls of fear {unknown}
 o - 2 scrolls of magic mapping {unknown}
 r - a scroll of random uselessness {unknown}
 t - 2 scrolls of teleportation {unknown}
 x - a scroll of blinking {unknown}
 y - 2 scrolls of enchant weapon {unknown}
Jewellery
 g - a +5 ring of strength {unknown}
 i - an uncursed amulet of stasis {unknown}
 s - a +2 ring of protection {unknown}
Potions
 p - a potion of cure mutation
 u - a potion of poison {unknown}
 v - 2 potions of restore abilities
 z - a potion of degeneration


   Skills:
 - Level 3.6(3.3) Fighting
 - Level 2.4(2.1) Axes
 - Level 3.6(3.3) Armour
 + Level 8.9(8.6) Shields


You had 5 spell levels left.
You didn't know any spells.

Dungeon Overview and Level Annotations

Branches:
Dungeon (4/15)
 Temple: D:4-7

Altars:
The Shining One

Shops:
D:4 ((

Annotations:
D:4 Crazy Yiuf


Innate Abilities, Weirdness & Mutations

You reflexively headbutt those who attack you in melee.
You have a pair of horns on your head.


Message History

You block its attack.
You closely miss something. Something hits you. Space bends around you.
Huge Dmg: -13%(-7hp) hp: 40%(20hp)
You closely miss something. Your headbutt misses something. Something hits you.
* * * LOW HITPOINT WARNING * * *
Huge Dmg: -12%(-6hp) hp: 28%(14hp)
You closely miss something. Something hits you.
* * * LOW HITPOINT WARNING * * *
You block its attack.
Huge Dmg: -8%(-4hp) hp: 20%(10hp) Drink which item? (? for menu, Esc to quit)
You feel better.
You miss something. Something hits you.
* * * LOW HITPOINT WARNING * * *
You feel drained.
* * * LOW HITPOINT WARNING * * *
Something hits you!
* * * LOW HITPOINT WARNING * * *
Something freezes you.
You die...

..####.#####.#######...######.###
..## #.# #.# #.### #.# ...###.#
#.# #.# #.# #....#.# ### ### #.#
#.##...# #.# #.###>.# #.# #.#
##.##♣♣ #### ###.# #.# ##....♣♣
♣♣#..)# ####...# #.#
#......♣♣♣♣.@...# #....### #.#
#.......♣..♣#...# ##.#### #.#
#......♣.♣♣♣ #### #..#
#(####.##♣♣♣♣♣ #.## .%..##.# #.#
#.)..#.# ############### #.##.#.#
#.#.......##..## ..##.#.#
#.#...[........##
####.#.######.#[............#


There were no monsters in sight!

Vanquished Creatures
  Duvessa (D:4)
  A crimson imp (D:4)
  Dowan (D:4)
  An orc priest (D:4)
  3 orc wizards (D:4)
  4 adders
  An inept feature mimic (D:4)
  2 worms
  An adder skeleton (D:4)
  4 giant geckos
  An ooze (D:1)
  8 orcs
  7 bats
  A giant cockroach (D:4)
  7 goblins
  6 hobgoblins
  2 quokkas (D:3)
  7 giant newts
  6 jackals (D:1)
  13 kobolds
  7 rats
  A plant (D:3)
85 creatures vanquished.

Notes
Turn   | Place    | Note
--------------------------------------------------------------
     0 | D:1      | Patate, the Minotaur Fighter, began the quest for the Orb.
     0 | D:1      | Reached XP level 1. HP: 19/19 MP: 1/1
   106 | D:1      | Reached skill level 4 in Shields
   117 | D:1      | Reached XP level 2. HP: 21/26 MP: 1/1
   450 | D:1      | Reached skill level 5 in Shields
   656 | D:1      | Reached XP level 3. HP: 31/31 MP: 2/2
   922 | D:2      | Reached XP level 4. HP: 39/39 MP: 2/2
  1319 | D:3      | Reached skill level 6 in Shields
  2136 | D:4      | Reached XP level 5. HP: 45/45 MP: 2/2
  2163 | D:4      | Found a glowing golden altar of the Shining One.
  2183 | D:4      | Reached skill level 7 in Shields
  2207 | D:4      | Found Keiten's Antique Weapon Shoppe.
  2289 | D:4      | Found Puferch's Antique Armour Boutique.
  2298 | D:4      | Puferch's Antique Armour Boutique was a mimic.
  2299 | D:4      | Noticed Dowan
  2301 | D:4      | Noticed Duvessa
  2324 | D:4      | Killed Dowan
  2327 | D:4      | Killed Duvessa
  2327 | D:4      | Reached skill level 8 in Shields
  2327 | D:4      | Reached XP level 6. HP: 20/51 MP: 3/3
  2513 | D:4      | Found Moyxudye's Antique Weapon Shoppe.
  2522 | D:4      | Bought a runed war axe for 70 gold pieces
  2781 | D:4      | Noticed Crazy Yiuf
  2796 | D:4      | HP: 1/51 [something (9)]
  2796 | D:4      | Slain by Crazy Yiuf

Action                   |  1- 3 |  4- 6 || total
-------------------------+-------+-------++-------
Melee: War axe           |   105 |   153 ||   258
  Use: Potion            |     1 |     7 ||     8
  Eat: Chunk             |       |     6 ||     6
